Map: Golden Wall LE

Players

Hrmynee

  • Race: Terran Terran
  • Spawn Location: 7:00

antagomiR - Winner!

  • Race: Protoss Protoss
  • Spawn Location: 5:00

VOD

Have the link to the VOD?

Description

Time

  • Played on: March 30, 2020, 9:12 p.m.
  • Length: 18:19
Show
View Real Time Build Order
Export as new Build Order

Hrmynee Terran 

Build Orders:  

Get SALT Encoding   

  12  0:01  SCV  
  13  0:13  SCV  
  14  0:18  Supply Depot  
  14  0:25  SCV  
  15  0:30  Refinery  
  15  0:40  SCV  
  16  0:52  SCV  
  16  0:56  Refinery  
  17  1:02  Barracks  
  17  1:04  SCV  
  18  1:16  SCV  
  19  1:25  Supply Depot  
  19  1:41  SCV  
  20  1:50  Supply Depot  
  20  1:53  SCV  
  21  1:55  Marine  
  22  2:04  Factory  
  22  2:07  SCV  
  23  2:13  Marine  
  24  2:19  SCV  
  25  2:30  Marine  
  25  2:32  Orbital Command  
  26  2:44  Engineering Bay  
  26  2:48  Marine  
  26  2:49  Starport  
  27  2:58  SCV  
  28  3:06  Marine  
  28  3:09  Factory Tech Lab  
  28  3:10  SCV  
  30  3:18  Barracks  
  30  3:24  Marine  
  30  3:25  SCV  
  32  3:36  Siege Tank  
  32  3:37  SCV  
  36  3:49  SCV  
  37  4:01  SCV  
  38  4:07  Command Center  
  38  4:08  Supply Depot  
  38  4:16  Marine  
  39  4:22  Terran Infantry Weapons Level 1  
  39  4:30  SCV  
  40  4:31  Supply Depot  
  40  4:34  Marine  
  41  4:45  Fusion Core  
  41  4:58  Marine  
  42  5:08  SCV  
  43  5:15  Starport Tech Lab  
  43  5:16  Marine  
  43  5:17  Marine  
  43  5:20  SCV  
  46  5:24  SCV  
  47  5:32  SCV  
  47  5:34  Marine  
  47  5:35  Marine  
  50  5:36  SCV  
  50  5:37  Siege Tank  
  50  5:41  Weapon Refit  
  54  5:48  SCV  
  55  5:51  Marine  
  56  6:01  SCV  
  57  6:09  Marine  
  57  6:10  Barracks Reactor  
  58  6:13  SCV  
  58  6:15  Refinery  
  59  6:25  SCV, Supply Depot  
  60  6:27  Siege Tank  
  60  6:30  Battlecruiser  
  69  6:35  Marine  
  70  6:42  Refinery  
  71  6:47  SCV  
  71  6:48  Supply Depot  
  71  6:49  SCV  
  71  6:53  Marine  
  73  6:59  SCV  
  73  7:01  SCV  
  75  7:11  SCV  
  75  7:13  Command Center  
  75  7:15  SCV  
  77  7:23  SCV  
  77  7:27  SCV  
  79  7:32  Marine  
  79  7:33  Marine  
  79  7:34  Marine  
  79  7:35  SCV  
  83  7:37  Terran Infantry Armor Level 1  
  83  7:39  Starport  
  83  7:47  SCV  
  83  7:49  Marine  
  85  7:51  Marine  
  86  8:24  Marine, SCV, Battlecruiser, Siege Tank  
  97  8:31  Barracks, Starport Tech Lab  
  86  9:29  Battlecruiser x2  
  98  9:37  Marine x3  
  101  10:11  Marine  
  101  10:13  Marine x2  
  80  10:33  Battlecruiser  
  80  10:35  SCV  
  87  10:47  SCV  
  88  10:59  SCV  
  89  11:11  SCV  
  90  11:23  SCV  
  85  11:28  Siege Tank  
  85  11:31  Marine  
  89  11:37  SCV, Battlecruiser  
  89  11:39  SCV  
  97  11:47  Refinery  
  97  11:49  SCV, Marine  
  97  11:50  Marine x2  
  101  11:59  Supply Depot  
  101  12:13  Refinery  
  101  12:20  Marine x3, SCV x2, Siege Tank  
  101  12:21  Supply Depot  
  109  12:23  Marine  
  104  12:32  SCV x2  
  106  12:38  Marine x2  
  106  12:41  Marine  
  106  12:43  Battlecruiser  
  114  12:44  Supply Depot  
  114  12:52  Siege Tank  
  117  13:05  SCV  
  117  13:06  Battlecruiser  
  123  13:18  SCV  
  123  13:30  SCV, Marine  
  123  13:32  Marine  
  125  13:35  Barracks Reactor  
  125  13:53  Marine x3  
  122  13:58  Battlecruiser  
  122  13:59  Factory  
  118  14:10  Battlecruiser  
  118  14:11  Marine  
  98  14:29  Siege Tank  
  97  14:40  Marine  
  94  14:58  Marine  
  95  15:01  Siege Tank  
  95  15:03  Factory, Battlecruiser  
  104  15:10  Command Center  
  104  15:11  Marine x2  
  106  15:14  Marine x2, Battlecruiser  
  106  15:16  Marine  
  114  15:29  Marine x2  
  114  15:33  Siege Tank  
  114  15:34  Marine  
  109  15:48  Factory  
  106  15:53  SCV  
  103  16:03  Marine x3  
  106  16:06  SCV  
  98  16:18  SCV  
  93  16:21  Marine x2  
  87  16:30  SCV  
  93  16:37  Factory Reactor  
  86  16:40  Factory Tech Lab  
  54  17:24  Siege Tank  
  45  17:32  Factory Tech Lab  
  45  17:34  SCV  
  22  17:47  SCV  
  23  17:58  Refinery  
  26  17:59  SCV  
Show
View Real Time Build Order
Export as new Build Order

antagomiR Protoss - Winner!

Build Orders: Zealot Archon 

Get SALT Encoding   

  12  0:01  Probe  
  13  0:13  Probe  
  14  0:23  Pylon  
  14  0:25  Probe  
  15  0:41  Probe  
  16  0:43  Gateway  
  16  0:53  Probe  
  17  0:58  Assimilator  
  17  1:06  Probe  
  18  1:11  Assimilator  
  18  1:18  Probe  
  19  1:30  Probe  
  20  1:34  Cybernetics Core  
  20  1:42  Probe  
  20  1:45  Pylon  
  21  1:58  Probe  
  22  2:04  Warp Gate (Chrono Boost)  
  22  2:10  Probe  
  23  2:21  Stalker  
  25  2:22  Probe  
  25  2:35  Probe  
  26  2:40  Robotics Facility  
  26  2:47  Probe  
  27  2:58  Nexus  
  27  2:59  Pylon  
  27  3:11  Sentry  
  29  3:17  Gateway  
  29  3:19  Gateway  
  29  3:20  Pylon  
  29  3:24  Shield Battery  
  29  3:30  Observer  
  29  3:34  Probe  
  31  3:46  Probe  
  32  3:50  Twilight Council  
  32  3:54  Immortal (Chrono Boost)  
  32  3:58  Probe  
  37  4:11  Probe x2  
  39  4:23  Probe  
  39  4:24  Forge  
  40  4:27  Pylon  
  40  4:36  Pylon  
  40  4:44  Probe  
  40  4:45  Probe  
  42  4:50  Assimilator  
  42  4:54  Assimilator  
  42  4:57  Probe, Pylon, Stalker  
  42  4:58  Sentry  
  47  5:02  Zealot  
  47  5:06  Probe  
  50  5:09  Probe  
  51  5:33  Probe x2  
  51  5:34  Protoss Ground Weapons Level 1 (Chrono Boost)  
  53  5:35  Stalker  
  53  5:36  Sentry  
  58  5:43  Observer  
  58  5:52  Templar Archives  
  58  5:53  Shield Battery  
  62  6:04  Immortal, Shield Battery  
  62  6:05  Probe x2  
  62  6:09  Pylon  
  64  6:15  Zealot x2  
  64  6:16  Zealot  
  64  6:17  Probe  
  71  6:32  Probe x2  
  73  6:43  Gateway x2  
  73  6:44  Probe, Psionic Storm  
  73  6:45  Gateway  
  74  6:56  Charge (Chrono Boost)  
  74  7:03  Probe x2  
  74  7:09  High Templar  
  74  7:10  High Templar  
  74  7:12  Zealot  
  74  7:15  Probe x2  
  82  7:19  Archon  
  82  7:27  Probe x2  
  82  7:28  Warp Prism  
  86  7:37  Stalker  
  86  7:39  Probe, Sentry  
  86  7:40  Zealot  
  93  8:24  Pylon  
  93  8:27  Photon Cannon  
  93  8:28  Pylon  
  93  8:32  Pylon  
  93  8:34  Photon Cannon  
  93  8:38  Photon Cannon  
  93  8:41  Photon Cannon  
  93  8:43  Immortal  
  97  8:49  High Templar x3  
  97  8:51  High Templar x3  
  97  8:53  Archon  
  97  8:55  Archon  
  109  9:02  Archon  
  105  9:22  Stalker x2  
  105  9:23  Stalker x2  
  113  9:29  Probe x2  
  115  9:35  Nexus  
  115  9:36  Pylon  
  115  9:39  Pylon  
  115  9:41  Probe x2  
  117  9:53  Probe  
  117  9:54  Probe  
  117  9:55  Protoss Ground Weapons Level 2 (Chrono Boost)  
  117  9:56  Pylon  
  119  10:01  Pylon  
  119  10:05  Probe, Pylon  
  120  10:11  Pylon  
  120  10:14  Stargate  
  106  10:16  Stargate  
  106  10:18  Stargate  
  106  10:19  Pylon  
  106  10:21  Stargate  
  94  10:27  High Templar  
  92  10:33  Stalker  
  92  10:34  Stalker  
  96  10:39  Photon Cannon  
  96  10:44  Photon Cannon  
  96  10:48  Probe x3, Photon Cannon  
  99  10:51  Photon Cannon  
  99  10:52  Stalker x2  
  99  10:53  Pylon, Stalker  
  104  11:08  Stalker x3  
  104  11:32  Probe x3  
  107  11:44  Probe x3, Assimilator  
  110  11:47  Assimilator  
  110  11:52  Void Ray x2  
  118  11:56  Probe x3  
  121  12:05  Stalker  
  121  12:07  Stalker  
  126  12:08  Probe x3  
  124  12:28  Stalker  
  124  12:29  Stalker  
  126  12:30  Stalker  
  128  12:46  Photon Cannon  
  122  12:53  Stalker x4  
  130  13:08  Probe x3  
  133  13:18  Void Ray  
  137  13:20  Probe x3  
  132  13:29  Stalker x2  
  132  13:30  Stalker x3  
  132  13:31  Stalker  
  132  13:32  Probe  
  132  13:33  Probe  
  146  13:43  Void Ray  
  150  13:49  Nexus  
  150  13:52  Pylon  
  150  13:54  Pylon  
  148  14:08  Sentry x2  
  138  14:29  Pylon  
  135  14:45  Void Ray  
  135  14:46  Void Ray x3  
  147  14:59  Assimilator  
  143  15:04  Assimilator  
  143  15:09  Shield Battery  
  143  15:12  Pylon  
  143  15:14  Photon Cannon  
  143  15:17  Photon Cannon  
  143  15:18  Stalker x2  
  143  15:19  Stalker x4  
  143  15:20  Photon Cannon  
  130  15:55  Void Ray x2  
  130  15:56  Void Ray  
  112  16:14  Void Ray  
  112  16:17  Probe x3  
  112  16:26  Stalker x3  
  112  16:29  Probe x3  
  119  16:41  Probe, Void Ray  
  124  16:50  Stalker x2  
  128  17:11  Stalker  
  128  17:12  Stalker x3  
  143  18:07  Probe x3  
Tags
 
Composition
Zealot Archon
Matchup
PvT
Replay Pack
20200422
Spawn Locations
Close Positions
Add a new tag
Caveats
  • Supply blocks, unpowered buildings, or Contaminate may cause inaccurate times.
  • Supply counts are checked every 10 seconds.